 Dungeon Crawl Stone Soup version 0.30-a0-1016-gfb0d676c02 (webtiles) character file.

Game seed: 2323122144145124626

44 porpoise the Shooter (level 3, -1/23 HPs)
             Began as a Tengu Hunter on Apr 7, 2023.
             Succumbed to a kobold's poison
             ... on level 2 of the Dungeon.
             The game lasted 00:02:47 (1792 turns).

porpoise the Shooter (Tengu Hunter)                 Turns: 1792, Time: 00:02:47

Health: -1/23      AC:  5    Str: 10 (11) XL:     3   Next: 62%
Magic:  4/4        EV: 10    Int:  7 (9)  God:
Gold:   50         SH:  0    Dex: 17 (19) Spells: 2/2 levels left

rFire   . . .      SeeInvis .    a - +0 shortbow
rCold   . . .      Faith    .    (shield currently unavailable)
rNeg    . . .      Spirit   .    e - +0 ring mail
rPois   .          Reflect  .    (helmet restricted)
rElec   .          Rampage  .    (no cloak)
rCorr   .                        (no gloves)
Will    .....                    (boots unavailable)
Stlth   +                        (no amulet)
HPRegen 0.23/turn                (no ring)
MPRegen 0.09/turn                (no ring)

@: mighty, brilliant, lethally poisoned (-1 -> -7)
A: beak, talons 3
a: no special abilities


You were on level 2 of the Dungeon.
You visited 1 branch of the dungeon, and saw 2 of its levels.

You collected 50 gold pieces.

Inventory:

Hand Weapons
 a - a +0 shortbow (weapon)
 b - a +2 short sword of draining
Armour
 e - a +0 ring mail (worn)
Magical Staves
 f - a staff of fire
 k - a staff of cold
Scrolls
 d - 2 scrolls of identify {unknown}
 h - a scroll of immolation
 j - 2 scrolls of teleportation {unknown}
 l - a scroll of blinking {unknown}
Potions
 i - a potion of brilliance


   Skills:
 + Level 3.0 Fighting
 + Level 5.1 Ranged Weapons
 - Level 2.1 Dodging
 - Level 1.0 Stealth


You had 2 spell levels left.
You didn't know any spells.
Your spell library contained the following spells:

 Spells                   Type           Power      Damage    Failure   Level
 Necrotise                Necr           0%         1d4       77%         1
 Blink                    Tloc           0%         N/A       88%         2
 Lesser Beckoning         Tloc           0%         N/A       88%         2
 Momentum Strike          Conj/Tloc      0%         3d8       88%         2
 Vampiric Draining        Necr           0%         2d6       98%         3
 Agony                    Necr           0%         N/A       100%        5


Dungeon Overview and Level Annotations

Branches:
Dungeon (2/15)

Altars:

Shops:
D:2 (


Innate Abilities, Weirdness & Mutations

You have a beak for a mouth.
You have claws for feet.


Message History

You shoot an arrow. The arrow hits the ball python!
You kill the ball python!
No target in view!
Found a leather armour.
You see here a ball python corpse.
l - a scroll labelled IJUSIRR HALI
Found Nusets's Antique Weapon Shoppe.
A kobold comes into view. It is wielding a +2 dagger of venom.
The kobold shouts!
The kobold moves out of view.
The kobold throws a stone.
The stone closely misses you.
You shoot an arrow. The arrow completely misses the kobold.
You shoot an arrow. The arrow closely misses the kobold.
You shoot an arrow. The arrow barely misses the kobold.
The kobold hits you with a +2 dagger of venom.
You are poisoned.
The kobold hits you but does no damage.
You are more poisoned.
You shoot an arrow. The arrow barely misses the kobold.
You feel very sick.
The kobold hits you with a +2 dagger of venom.
You are lethally poisoned!
You shoot an arrow. The arrow hits the kobold!
You kill the kobold!
You feel very sick.
You are too injured to fight recklessly!
It was a potion of brilliance.
You feel clever all of a sudden.
* * * LOW HITPOINT WARNING * * *
You feel very sick.
It was a potion of might.
You feel very mighty all of a sudden.
* * * LOW HITPOINT WARNING * * *
You feel very sick.
It was a potion of degeneration.
There was something very wrong with that liquid.
You feel weakened.
You feel dopey.
You feel clumsy.
* * * LOW HITPOINT WARNING * * *
You feel sick.
You die...

##.#...#........#..#
..................#
.....###.........##
.....# #.........#
.....# .....#.#
#..#.# #.....#
#.##.# #...## #.##.#
#####.#..### #.##.#
#.....#..@.#
..##.###.#######)..#
####.....# ##..#
####..#### ∩.#
......# .... ......#
..... ......# ......
####### ......


There were no monsters in sight!

Vanquished Creatures
  2 dart slugs (D:1)
  3 endoplasms
  4 goblins
  2 hobgoblins (D:1)
  7 jackals
  A quokka (D:2)
  5 ball pythons
  3 bats
  3 frilled lizards
  5 kobolds
  2 rats (D:1)
37 creatures vanquished.

Notes
Turn   | Place    | Note
-------+----------+-------------------------------------------
     0 | D:1      | porpoise the Tengu Hunter began the quest for the Orb.
     0 | D:1      | Reached XP level 1. HP: 12/12 MP: 2/2
   227 | D:1      | Reached XP level 2. HP: 18/18 MP: 3/3
  1124 | D:1      | Reached XP level 3. HP: 18/20 MP: 4/4
  1482 | D:2      | Reached skill level 5 in Ranged Weapons
  1780 | D:2      | Found Nusets's Antique Weapon Shoppe.
  1791 | D:2      | HP: 1/23 [poisoned by a kobold]
  1792 | D:2      | Succumbed to a kobold's poison

Illustrated notes

Levels and vault maps discovered:
D:1:      roderic_lyre, layout_loops_ring, wander_ebering_terrifying_dragon_lair
D:2:      layout_rooms, serial_shops, shop, kennysheep_generic_room_9

Skill      XL: |  1  2  3 |
---------------+----------+-----
Ranged Weapons | 5 |  5.1
Fighting       | 3 |  3.0
Dodging        | |  2.1
Stealth        | |  1.0

Action                     || total
---------------------------++-------
   Fire: Shortbow          ||    97
    Use: Potion            ||     3
 Armour: Ring mail         ||    26
  Dodge: Dodged            ||    46

Table legend: (Time is in decaauts)
 A = Elapsed time spent in this place.
 B = Non-inter-level travel time spent in this place.
 C = Inter-level travel time spent in this place.
 D = Time resting spent in this place.
 E = Time spent auto-exploring this place.
 F = Levels seen in this place.
 G = Mean time per level.
                   A        B        C        D        E       F      G
               +--------+--------+--------+--------+--------+-----+--------+
         Total |   1830 |   1769 |     61 |    307 |   1219 |   2 |  915.0 |
       Dungeon |   1830 |   1769 |     61 |    307 |   1219 |   2 |  915.0 |
               +--------+--------+--------+--------+--------+-----+--------+

Top non-repeatable levels by time:
     D:1: 1517 daAuts
     D:2: 312 daAuts
